AoeStats
← LeCoumik

African Clearing

504742221Analyzed
3v3 RM · 27d ago on Sep 6, 2026· 29m 48s· 6 players
Game mode
Random Map
Map size
Normal (6 player)
Population
200
Speed
Normal
Resources
Standard
Victory
Conquest
Starting age
Dark Age
Ending age
Imperial Age
RankedLock teamsTeams togetherTeam positionsShared explorationLock speedFull tech treeHidden civsTurbo modeCheats
Victory
Defeat
799
+15
🇪🇸 Bohemians · Spain
780
+16
🇷🇺 Celts · Russia
712
+18
🇫🇷 Goths · France
796
-43
🇫🇷 Britons · France
796
-44
🇫🇷 Britons · France
736
-35
Неуклюжий тюлень
15:50 Feudal Age
19:41 Wheelbarrow
23:00 Fletching
23:11 Padded Archer Armor
25:31 Castle Age
26:13 Forging
26:08 Scale Barding Armor
25:54 Double-Bit Axe
29:08 Hand Cart
29:53 Iron Casting
29:39 Chain Barding Armor
MagicMorpheus91
19:38 Feudal Age
21:27 Wheelbarrow
20:50 Horse Collar
21:28 Double-Bit Axe
22:59 Forging
22:50 Scale Mail Armor
22:39 Town Watch
24:52 Man-at-Arms
25:19 Arson
26:20 Scale Barding Armor
26:16 Padded Archer Armor
26:06 Fletching
Linberg
14:51 Feudal Age
15:26 Horse Collar
19:52 Man-at-Arms
21:54 Double-Bit Axe
23:53 Wheelbarrow
28:08 Castle Age
27:57 Arson
CRACKOW.
6:35 Loom
17:12 Feudal Age
medvedevodka
6:30 Loom
13:49 Feudal Age
15:47 Double-Bit Axe
21:21 Scale Mail Armor
21:43 Padded Archer Armor
21:35 Fletching
27:43 Castle Age
LeCoumik
5:07 Loom
24:43 Feudal Age
26:17 Wheelbarrow
28:12 Scale Mail Armor
31:57 Castle Age
Connection lost

Rejoining the realm…

Still unreachable

The connection could not be restored.

Session expired

The server has moved on; the page needs a fresh start.